 Dungeon Crawl Stone Soup version 0.21-a0-331-gfb491b4 (webtiles) character file.

8 tidbits the Charmwright (level 2, -1/26 HPs)
             Began as a Gnoll Skald on Oct 2, 2017.
             Slain by an orc (2 damage)
             ... on level 3 of the Dungeon.
             The game lasted 00:01:02 (126 turns).

tidbits the Charmwright (Gnoll Skald)                Turns: 126, Time: 00:01:03

Health: -1/26      AC:  3    Str: 13    XL:     2   Next: 8%
Magic:  0/7        EV: 14    Int: 15    God:
Gold:   18         SH:  0    Dex: 14    Spells: 5/10 levels left

rFire    . . .     SeeInvis .   a - +0 hand axe
rCold    . . .     Gourm    .   (no shield)
rNeg     . . .     Faith    .   b - +0 leather armour
rPois    .         Spirit   .   (no helmet)
rElec    .         Reflect  .   (no cloak)
rCorr    .         Harm     .   (no gloves)
MR       .....                  (no boots)
Stlth    +.........             (no amulet)
HPRegen  0.08/turn              (no ring)
MPRegen  0.10/turn              (no ring)

@: infused (expiring), singing, very slightly contaminated
A: distributed training, fangs 1, strong nose
a: no special abilities


You were on level 3 of the Dungeon.
You were not hungry.

You visited 1 branch of the dungeon, and saw 3 of its levels.

You collected 18 gold pieces.

Inventory:

Hand Weapons
 a - a +0 hand axe (weapon)
Armour
 b - a +0 leather armour (worn)
Scrolls
 e - a scroll of teleportation {unknown}
Potions
 g - a potion of mutation {unknown}
Books
 c - a book of Battle

   Spells                             Type                      Level
   a - Infusion                       Charms                       1
   b - Shroud of Golubria             Charms/Translocation         2
   c - Song of Slaying                Charms                       2
   d - Spectral Weapon                Hexes/Charms                 3
   e - Regeneration                   Charms/Necromancy            3
Comestibles
 d - a bread ration
 f - a meat ration


   Skills:
 + Level 4.4 Fighting
 + Level 0.2 Short Blades
 + Level 0.2 Long Blades
 + Level 4.4 Axes
 + Level 0.2 Maces & Flails
 + Level 0.2 Polearms
 + Level 0.2 Staves
 + Level 0.2 Slings
 + Level 0.2 Bows
 + Level 0.2 Crossbows
 + Level 0.2 Throwing
 + Level 2.4 Armour
 + Level 4.4 Dodging
 + Level 0.2 Stealth
   Level 0.0 Stabbing
 + Level 0.2 Shields
   Level 0.0 Traps
 + Level 0.2 Unarmed Combat
 + Level 4.9 Spellcasting
 + Level 0.2 Conjurations
 + Level 0.2 Hexes
 + Level 6.4 Charms
 + Level 0.2 Summonings
 + Level 0.2 Necromancy
 + Level 0.2 Translocations
 + Level 0.2 Transmutations
 + Level 0.2 Fire Magic
 + Level 0.2 Ice Magic
 + Level 0.2 Air Magic
 + Level 0.2 Earth Magic
 + Level 0.2 Poison Magic
 + Level 0.2 Invocations
 + Level 0.2 Evocations


You had 5 spell levels left.
You knew the following spells:

 Your Spells              Type           Power        Failure   Level  Hunger
g - Shroud of Golubria    Chrm/Tloc      ##........   8%          2    ##.....
i - Infusion              Chrm           ###.         1%          1    None
y - Song of Slaying       Chrm           ###.....     2%          2    ##.....


Dungeon Overview and Level Annotations

Branches:
Dungeon (3/15)

Altars:


Innate Abilities, Weirdness & Mutations

Your experience applies equally to all skills.
You have very sharp teeth.
Your uncanny sense of smell can sniff out nearby items.


Message History

You kill the hobgoblin!
Things that are here:
a club; a hobgoblin corpse HP restored.
Found a stone staircase leading down.
Your magical infusion is running out.
There is a stone staircase leading down here.
You climb downwards.
Found 14 gold pieces.
Found a stone staircase leading down.
There is a stone staircase leading up here.
There is a stone staircase leading down here.
You are no longer magically infusing your attacks.
You now have 18 gold pieces (gained 14).
There is a stone staircase leading down here.
You climb downwards.
A frilled lizard and a hobgoblin come into view.
Found a chain mail.
There is a stone staircase leading up here.
Casting: Infusion
Confirm with . or Enter, or press ? or * to list all spells.
You begin infusing your attacks with magical energy.
The frilled lizard hisses angrily.
You hit the frilled lizard!
You kill the frilled lizard!
You hit the hobgoblin.
The hobgoblin is heavily wounded.
The hobgoblin hits you but does no damage.
You hit the hobgoblin.
You kill the hobgoblin!
An orc comes into view. It is wielding a short sword.
Found 2 smoky red potions.
You see here a frilled lizard corpse.
An orc comes into view. It is wielding a falchion.
The orc shouts! x2; You hear a shout!
You hear an angry hiss.
Found a fizzy silvery potion.
An orc comes into view. It is wielding a dagger of freezing.
A bat comes into view.
An orc comes into view.
The orc shouts!
You hit the orc!
You kill the orc!
You have reached level 2!
The bat barely misses you. The bat hits you but does no damage.
The bat misses you. The bat hits you but does no damage.
The bat barely misses you.
There is a stone staircase leading up here.
The bat hits you but does no damage.
You climb upwards.
There is a stone staircase leading down here.
Memorise Song of Slaying, consuming 2 spell levels and leaving 7?
You start memorising the spell.
You continue memorising. x2
You finish memorising.
Spell assigned to 's'.
Adjust (i)tems, (s)pells, or (a)bilities?
Adjust which spell? s - Song of Slaying Adjust to which letter? y - Song of Slaying Memorise Shroud of Golubria, consuming 2 spell levels and leaving 5?
You start memorising the spell.
You continue memorising. x2
You finish memorising.
Spell assigned to 'g'.
Casting: Infusion
Confirm with . or Enter, or press ? or * to list all spells.
You miscast Song of Slaying.
You are very lightly contaminated with residual magic.
Your skin tingles.
Wield which item (- for none, * to show all)? (? for menu, Esc to quit)
c - a book of Battle (in hand)
You swing at nothing.
Casting: Song of Slaying
Confirm with . or Enter, or press ? or * to list all spells.
You start singing a song of slaying.
Wield which item (- for none, * to show all)? (? for menu, Esc to quit)
a - a +0 hand axe (weapon)
Your magical infusion is running out.
You climb downwards.
The bat completely misses you.
The orc hits you with a dagger of freezing.
The orc freezes you. The orc closely misses you.
There is a stone staircase leading up, spattered with blood here.
You closely miss the orc. You barely miss the orc. You hit the orc.
The bat hits you but does no damage.
The orc hits you with a dagger of freezing.
The orc freezes you. The orc hits you.
* * * LOW HITPOINT WARNING * * *
The orc hits you with a falchion.
* * * LOW HITPOINT WARNING * * *
The bat hits you but does no damage. The orc barely misses you.
The orc misses you.
You hit the orc.
The orc is heavily wounded.
You hit the orc but do no damage. You hit the bat. You closely miss the orc.
The bat hits you but does no damage. The orc barely misses you.
The bat closely misses you.
The orc hits you with a dagger of freezing.
* * * LOW HITPOINT WARNING * * *
The orc freezes you.
* * * LOW HITPOINT WARNING * * *
The orc hits you.
You die...

##########
##...##...##
###..........##
###.........ob..#
......[...†.o@o.#
#...).........#
#............##
..........#...##
.#!....########
#..... #..!...
#.###.# #. #.


You could see 3 orcs and a bat.

Vanquished Creatures
  An orc (D:3)
  A giant cockroach (D:1)
  2 hobgoblins
  2 bats (D:1)
  A frilled lizard (D:3)
7 creatures vanquished.

Notes
Turn   | Place    | Note
-------+----------+-------------------------------------------
     0 | D:1      | tidbits the Gnoll Skald began the quest for the Orb.
     0 | D:1      | Reached XP level 1. HP: 20/20 MP: 6/6
   103 | D:3      | Reached XP level 2. HP: 26/26 MP: 2/7
   115 | D:2      | Learned a level 2 spell: Song of Slaying
   118 | D:2      | Learned a level 2 spell: Shroud of Golubria
   126 | D:3      | HP: 1/26 [orc/dagger of freezing (3)]
   126 | D:3      | Slain by an orc

Vault maps used:
D:1:      erik_arrival_blinker_ship, minmay_misc_feat_rows, minivault_26
D:2:      lemuel_upstairs_altar, yredelemnul_forgotten_temple_becter,
          chequers_ecumenical_altar_twisty, minmay_pentomino_u4
D:3:      minitemple, serial_glass, glass_columns_b, glass_columns_a,
          glass_columns_a, glass_columns_a

Action                   || total
-------------------------++-------
Melee: Hand axe          ||    14
 Cast: Infusion          ||     3
       Song of Slaying   ||     1
Armor: Leather armour    ||    10
Dodge: Dodged            ||    15

Table legend:
 A = Spawn XP
 B = Non-spawn XP
 C = Spawn XP percentage of total XP
 D = Spawn monster count
 E = Non-spawn monster count
 F = Spawn count percentage of total count
 G = Total turns spent on level
                    A         B        C        D         E        F      G
               +---------+---------+-------+---------+---------+-------+---------
         Total |       0 |      12 |   0.0 |       0 |       7 |   0.0 |   126
               +---------+---------+-------+---------+---------+-------+---------
           D:1 |       0 |       6 |   0.0 |       0 |       4 |   0.0 |    83
           D:3 |       0 |       6 |   0.0 |       0 |       3 |   0.0 |    22
               +---------+---------+-------+---------+---------+-------+---------

Table legend:
 A = Turns spent in this place as a percentage of turns spent in the entire game.
 B = Non-inter-level travel turns spent in this place as a percentage of non-inter-level travel turns spent in the entire game.
 C = Inter-level travel turns spent in this place as a percentage of turns spent in this place.
 D = Turns resting spent in this place as a percentage of non-inter-level travel turns spent in this place.
 E = Turns spent auto-exploring this place as a percentage of non-inter-level travel turns spent in this place.
 F = Non-inter-level travel turns spent in this place divided by the number of levels of this place that you've seen.
                   A       B       C       D       E      F
               +-------+-------+-------+-------+-------+----------------------
         Total | 100.0 | 100.0 |   0.0 |   0.0 |   0.0 |  42.0
       Dungeon | 100.0 | 100.0 |   0.0 |   0.0 |   0.0 |  42.0
               +-------+-------+-------+-------+-------+----------------------

Table legend:
 A = Kills in this place as a percentage of kills in entire the game.
 B = Kills by you in this place as a percentage of kills by you in the entire game.
 C = Kills by friends in this place as a percentage of kills by friends in the entire game.
 D = Other kills in this place as a percentage of other kills in the entire game.
 E = Experience gained in this place as a percentage of experience gained in the entire game.
 F = Experience gained in this place divided by the number of levels of this place that you have seen.
                   A       B       C       D       E      F
               +-------+-------+-------+-------+-------+----------------------
         Total | 100.0 | 100.0 |   N/A |   N/A | 100.0 |   4.0
       Dungeon | 100.0 | 100.0 |   N/A |   N/A | 100.0 |   4.0
               +-------+-------+-------+-------+-------+----------------------

Vault maps used:
D:1:      erik_arrival_blinker_ship, minmay_misc_feat_rows, minivault_26
D:2:      lemuel_upstairs_altar, yredelemnul_forgotten_temple_becter,
          chequers_ecumenical_altar_twisty, minmay_pentomino_u4
D:3:      minitemple, serial_glass, glass_columns_b, glass_columns_a,
          glass_columns_a, glass_columns_a
